IL
ROCHESTER RED WINGS @ TOLEDO MUD HENS
09/11/2099
 
TOP OF THE 1ST
Rochester Red Wings batting - Pitching for Toledo Mud Hens : LHP Justin Moye
Pitching: LHP Justin Moye
Batting: RHB Rogelio Rivera 0-0: Ball
1-0: Called Strike
1-1: SINGLE (Line Drive, 8LS, EV 85.6 MPH)
Batting: RHB Eric Harrell 0-0: Called Strike
0-1: Ball
1-1: Grounds into double play, 5-4-3 (Groundball, 56, EV 76.9 MPH)
Batting: SHB Emanuel Sanchez 0-0: Called Strike
0-1: Swinging Strike
0-2: Fly out, F9 (Flyball, 9D, EV 103.1 MPH)
Top of the 1st over - 0 runs, 1 hit, 0 errors, 0 left on base; Rochester 0 - Toledo 0
BOTTOM OF THE 1ST
Toledo Mud Hens batting - Pitching for Rochester Red Wings : LHP Alberto Marshall
Pitching: LHP Alberto Marshall
Batting: LHB Mike Mendoza 0-0: Ball
1-0: Called Strike
1-1: SINGLE (Groundball, 34D, EV 97.5 MPH)
Batting: LHB Jahiem Parker 0-0: Ball
1-0: Called Strike
1-1: SINGLE (Groundball, 34D, EV 103.8 MPH)
Mike Mendoza to second
Runner from 2nd tries for 3rd, SAFE, no throw by RF
Batting: RHB Tomoshi Matsuo 0-0: Fly out, F8 (Flyball, 8LM, EV 84.4 MPH)
Runner from 3rd tags up, SCORES, throw by CF
Batting: RHB Chad Larson 0-0: Called Strike
0-1: Ball
1-1: Swinging Strike
1-2: Fly out, F9 (Line Drive, 9, EV 96.9 MPH)
Batting: SHB Jim Hall 0-0: Called Strike
0-1: Fly out, F8 (Flyball, 8RD, EV 94.4 MPH)
Bottom of the 1st over - 1 run, 2 hits, 0 errors, 1 left on base; Rochester 0 - Toledo 1
TOP OF THE 2ND
Rochester Red Wings batting - Pitching for Toledo Mud Hens : LHP Justin Moye
Batting: RHB Dan Canseco 0-0: Ball
1-0: Ball
2-0: Foul Ball, location: 5DF
2-1: Called Strike
2-2: Ground out 4-3 (Groundball, 34, EV 88.8 MPH)
Batting: RHB Brian Taylor 0-0: Called Strike
0-1: Foul Ball, location: 2F
0-2: Foul Ball, location: 2LF
0-2: Ball
1-2: Foul Ball, location: 3FF
1-2: Ball
2-2: SOLO HOME RUN (Line Drive, 7LD, EV 95.0 MPH), Distance : 345 ft
Batting: RHB Gene Homann 0-0: Called Strike
0-1: Ball
1-1: Called Strike
1-2: SOLO HOME RUN (Flyball, 7D, EV 93.8 MPH), Distance : 366 ft
Batting: RHB Pablo Luna 0-0: Called Strike
0-1: Foul Ball, location: 2F
0-2: Ball
1-2: Ground out 5-3 (Groundball, 5, EV 104.4 MPH)
Batting: SHB Jimmy Dressler 0-0: Ball
1-0: Ground out 5-3 (Groundball, 56, EV 85.6 MPH)
Top of the 2nd over - 2 runs, 2 hits, 0 errors, 0 left on base; Rochester 2 - Toledo 1
BOTTOM OF THE 2ND
Toledo Mud Hens batting - Pitching for Rochester Red Wings : LHP Alberto Marshall
Batting: RHB Jesus Mendoza 0-0: Called Strike
0-1: Ball
1-1: Called Strike
1-2: Foul Ball, location: 2F
1-2: Fly out, F7 (Flyball, 7D, EV 105.0 MPH)
Batting: LHB Justin Kenworthy 0-0: Ball
1-0: DOUBLE (Line Drive, 9LS, EV 103.1 MPH)
Batting: LHB Chris Johnson 0-0: Ball
1-0: Foul Ball, location: 7LSF
1-1: Ball
2-1: Ball
3-1: Foul Ball, location: 2F
3-2: Fly out, F9 (Flyball, 9, EV 93.8 MPH)
Batting: LHB Tyler Chapman 0-0: SINGLE (Line Drive, 3D, EV 98.1 MPH)
Justin Kenworthy to third
Runner from 3rd tries for Home, SAFE, throw by RF to home
Tyler Chapman to second
Batting: LHB Mike Mendoza 0-0: Fly out, F9 (Line Drive, 89M, EV 90.6 MPH)
Bottom of the 2nd over - 1 run, 2 hits, 0 errors, 1 left on base; Rochester 2 - Toledo 2
TOP OF THE 3RD
Rochester Red Wings batting - Pitching for Toledo Mud Hens : LHP Justin Moye
Batting: RHB Shane Cook 0-0: Fly out, F8 (Flyball, 78S, EV 100.6 MPH)
Batting: RHB Rogelio Rivera 0-0: Swinging Strike
0-1: Ball
1-1: Ball
2-1: Ground out 5-3 (Groundball, 56, EV 103.1 MPH)
Batting: RHB Eric Harrell 0-0: SINGLE (Groundball, 34D, EV 100.6 MPH)
Batting: SHB Emanuel Sanchez 0-0: Ball
1-0: Fly out, F7 (Flyball, 7LS, EV 91.9 MPH)
Top of the 3rd over - 0 runs, 1 hit, 0 errors, 1 left on base; Rochester 2 - Toledo 2
BOTTOM OF THE 3RD
Toledo Mud Hens batting - Pitching for Rochester Red Wings : LHP Alberto Marshall
Batting: LHB Jahiem Parker 0-0: Called Strike
0-1: Swinging Strike
0-2: Ball
1-2: SINGLE (Line Drive, 9S, EV 109.4 MPH)
Batting: RHB Tomoshi Matsuo 0-0: Called Strike
0-1: Ball
1-1: Ball
2-1: Ball
3-1: Grounds into double play, 5-4-3 (Groundball, 5, EV 83.8 MPH)
Batting: RHB Chad Larson 0-0: Ball
1-0: Ball
2-0: Called Strike
2-1: Ground out 6-3 (Groundball, 6D, EV 100.6 MPH)
Bottom of the 3rd over - 0 runs, 1 hit, 0 errors, 0 left on base; Rochester 2 - Toledo 2
TOP OF THE 4TH
Rochester Red Wings batting - Pitching for Toledo Mud Hens : LHP Justin Moye
Batting: RHB Dan Canseco 0-0: Ball
1-0: Called Strike
1-1: Ball
2-1: Fly out, F4 (Popup, 4D, EV 61.3 MPH)
Batting: RHB Brian Taylor 0-0: Fly out, F9 (Flyball, 89S, EV 95.6 MPH)
Batting: RHB Gene Homann 0-0: Ball
1-0: Fly out, F8 (Flyball, 89D, EV 108.8 MPH)
Top of the 4th over - 0 runs, 0 hits, 0 errors, 0 left on base; Rochester 2 - Toledo 2
BOTTOM OF THE 4TH
Toledo Mud Hens batting - Pitching for Rochester Red Wings : LHP Alberto Marshall
Batting: SHB Jim Hall 0-0: Ball
1-0: Fly out, F4 (Popup, 3D, EV 53.8 MPH)
Batting: RHB Jesus Mendoza 0-0: Ball
1-0: Called Strike
1-1: Foul Ball, location: 9LSF
1-2: Fly out, F9 (Line Drive, 9LM, EV 94.4 MPH)
Batting: LHB Justin Kenworthy 0-0: Ground out 6-3 (Groundball, P, EV 91.3 MPH)
Bottom of the 4th over - 0 runs, 0 hits, 0 errors, 0 left on base; Rochester 2 - Toledo 2
TOP OF THE 5TH
Rochester Red Wings batting - Pitching for Toledo Mud Hens : LHP Justin Moye
Batting: RHB Pablo Luna 0-0: Foul Ball, location: 9LSF
0-1: SINGLE (Flyball, 8LS, EV 93.1 MPH)
Batting: SHB Jimmy Dressler 0-0: Called Strike
0-1: Ball
Pickoff Throw to First - Out! 1-3 CS
1-1: Fly out, F9 (Line Drive, 89D, EV 107.5 MPH)
Batting: RHB Shane Cook 0-0: Ball
1-0: Ground out 5-3 (Groundball, 56, EV 89.4 MPH)
Top of the 5th over - 0 runs, 1 hit, 0 errors, 0 left on base; Rochester 2 - Toledo 2
BOTTOM OF THE 5TH
Toledo Mud Hens batting - Pitching for Rochester Red Wings : LHP Alberto Marshall
Batting: LHB Chris Johnson 0-0: Foul Ball, location: 7LDF
0-1: Foul Ball, location: 7LSF
0-2: Ground out 3-1 (Groundball, 34, EV 105.6 MPH)
Batting: LHB Tyler Chapman 0-0: Foul Ball, location: 23F
0-1: Ball
1-1: Foul Ball, location: 2F
1-2: Strikes out swinging
Batting: LHB Mike Mendoza 0-0: Ball
1-0: Foul Ball, location: 5FF
1-1: Foul Ball, location: 7LMF
1-2: Ball
2-2: Foul Ball, location: 3FF
2-2: Ball
3-2: Fly out, F7 (Flyball, 78M, EV 77.5 MPH)
Bottom of the 5th over - 0 runs, 0 hits, 0 errors, 0 left on base; Rochester 2 - Toledo 2
TOP OF THE 6TH
Rochester Red Wings batting - Pitching for Toledo Mud Hens : LHP Justin Moye
Batting: RHB Rogelio Rivera 0-0: Ball
1-0: Called Strike
1-1: Called Strike
1-2: Ground out 6-3 (Groundball, 56, EV 80.0 MPH)
Batting: RHB Eric Harrell 0-0: Ball
1-0: Fly out, F7 (Line Drive, 78M, EV 85.6 MPH)
Batting: SHB Emanuel Sanchez 0-0: Swinging Strike
0-1: Foul Ball, location: 25F
0-2: Foul Ball, location: 2F
0-2: SOLO HOME RUN (Flyball, 9LD, EV 95.0 MPH), Distance : 336 ft
Batting: RHB Dan Canseco 0-0: Ball
1-0: Foul Ball, location: 23FF
1-1: Ball
2-1: Called Strike
2-2: Ball
3-2: Fly out, F7 (Flyball, 7S, EV 85.0 MPH)
Top of the 6th over - 1 run, 1 hit, 0 errors, 0 left on base; Rochester 3 - Toledo 2
BOTTOM OF THE 6TH
Toledo Mud Hens batting - Pitching for Rochester Red Wings : LHP Alberto Marshall
Batting: LHB Jahiem Parker 0-0: Ball
1-0: Ball
2-0: Called Strike
2-1: Ball
3-1: Base on Balls
Batting: RHB Tomoshi Matsuo 0-0: Swinging Strike
0-1: Fly out, F8 (Flyball, 8LS, EV 80.6 MPH)
Batting: RHB Chad Larson 0-0: Foul Ball, location: 9LSF
0-1: Ball
1-1: Called Strike
1-2: SINGLE (Line Drive, 9S, EV 98.1 MPH)
Jahiem Parker to second
Batting: SHB Jim Hall 0-0: Called Strike
0-1: Foul Ball, location: 5FF
0-2: Ball
1-2: Foul Ball, location: 25FF
1-2: Ball
2-2: Strikes out looking
Batting: RHB Jesus Mendoza 0-0: Ball
1-0: Foul Ball, location: 2F
1-1: SINGLE (Groundball, 4MD, EV 104.4 MPH)
Jahiem Parker to third
Chad Larson to second
Runner from 3rd tries for Home, SAFE, throw by CF to home
Pinch Hitting: RHB Tim DeRosa 0-0: Called Strike
0-1: Ball
1-1: Swinging Strike
1-2: Strikes out looking
Bottom of the 6th over - 1 run, 2 hits, 0 errors, 2 left on base; Rochester 3 - Toledo 3
TOP OF THE 7TH
Rochester Red Wings batting - Pitching for Toledo Mud Hens : LHP Justin Moye
Now in CF: Joe Burgoon
Batting: RHB Brian Taylor 0-0: Ball
1-0: SINGLE (Groundball, 4MD, EV 101.3 MPH)
Batting: RHB Gene Homann 0-0: Foul Ball, location: 2F
0-1: Called Strike
Brian Taylor steals 2nd base (no throw)
0-2: Fly out, F7 (Flyball, 78D, EV 95.0 MPH)
Batting: RHB Pablo Luna 0-0: Intentional Walk
Batting: SHB Jimmy Dressler 0-0: Ball
1-0: Called Strike
Brian Taylor steals 3rd base
1-1: Foul Ball, location: 5SF
1-2: Ball
2-2: Foul Ball, location: 2LF
2-2: Strikes out swinging
Batting: RHB Shane Cook 0-0: Ball
1-0: Fly out, F9 (Flyball, 89D, EV 103.1 MPH)
Top of the 7th over - 0 runs, 1 hit, 0 errors, 2 left on base; Rochester 3 - Toledo 3
BOTTOM OF THE 7TH
Toledo Mud Hens batting - Pitching for Rochester Red Wings : LHP Alberto Marshall
Pinch Hitting: LHB Nick Penix 0-0: Called Strike
0-1: Called Strike
0-2: Strikes out looking
Batting: LHB Tyler Chapman 0-0: Ball
1-0: Foul Ball, location: 7LMF
1-1: Foul Ball, location: 2F
1-2: Ground out 4-3 (Groundball, 13, EV 87.5 MPH)
Batting: LHB Mike Mendoza 0-0: Ball
1-0: Ball
2-0: Ball
3-0: Called Strike
3-1: DOUBLE (Flyball, 89XD, EV 113.1 MPH)
Pitching: RHP Danny Nunez
Batting: LHB Jahiem Parker 0-0: Ball
1-0: Ball
2-0: Called Strike
2-1: Ball
3-1: Fly out, F7 (Flyball, 78M, EV 93.8 MPH)
Bottom of the 7th over - 0 runs, 1 hit, 0 errors, 1 left on base; Rochester 3 - Toledo 3
TOP OF THE 8TH
Rochester Red Wings batting - Pitching for Toledo Mud Hens : LHP Justin Moye
Now at 2B: Nick Penix
Now at SS: Jim Hall
Batting: RHB Rogelio Rivera 0-0: Ball
1-0: Ball
2-0: Ball
3-0: Base on Balls
Batting: RHB Eric Harrell 0-0: Called Strike
0-1: Foul Ball, location: 3F
0-2: Ball
1-2: DOUBLE (Groundball, 5L, EV 105.0 MPH)
Rogelio Rivera to third
Batting: SHB Emanuel Sanchez 0-0: Ball
1-0: Foul Ball, location: 9LSF
1-1: TRIPLE (Line Drive, 9LD, EV 110.0 MPH)
Rogelio Rivera scores
Eric Harrell scores
Batting: RHB Dan Canseco 0-0: Called Strike
0-1: 2-RUN HOME RUN (Flyball, 78XD, EV 100.0 MPH), Distance : 404 ft
Pitching: LHP Tom Hitchcock
Batting: RHB Brian Taylor 0-0: Ball
1-0: Called Strike
1-1: Foul Ball, location: 3F
1-2: Foul Ball, location: 2F
1-2: Ball
2-2: Ball
3-2: Foul Ball, location: 2F
3-2: Base on Balls
Batting: RHB Gene Homann 0-0: Called Strike
0-1: Ball
1-1: Ball
2-1: Called Strike
2-2: Foul Ball, location: 5FF
2-2: Strikes out swinging
Brian Taylor steals 2nd base
Batter strikes out.
Batting: RHB Pablo Luna 0-0: Intentional Walk
Batting: SHB Jimmy Dressler 0-0: Ball
1-0: Ball
2-0: Called Strike
2-1: Foul Ball, location: 25FF
2-2: DOUBLE (Line Drive, 5D, EV 100.0 MPH)
Brian Taylor scores
Pablo Luna to third
Runner from 3rd tries for Home, SAFE, throw by LF to trailing runner, SAFE at third!
Pitching: LHP Kevin Swanson
Batting: RHB Shane Cook 0-0: Ball
1-0: Ball
2-0: Called Strike
2-1: Ground out 1-3 (Groundball, 34S, EV 70.0 MPH)
Batting: RHB Rogelio Rivera 0-0: Ball
1-0: TRIPLE (Line Drive, 9LD, EV 102.5 MPH)
Jimmy Dressler scores
Batting: RHB Eric Harrell 0-0: Foul Ball, location: 2F
0-1: Ball
1-1: Foul Ball, location: 9LMF
1-2: Fly out, F8 (Flyball, 8RD, EV 110.0 MPH)
Top of the 8th over - 7 runs, 5 hits, 0 errors, 1 left on base; Rochester 10 - Toledo 3
BOTTOM OF THE 8TH
Toledo Mud Hens batting - Pitching for Rochester Red Wings : RHP Danny Nunez
Batting: RHB Tomoshi Matsuo 0-0: Called Strike
0-1: Ball
1-1: Foul Ball, location: 2F
1-2: Foul Ball, location: 5FF
1-2: Ball
2-2: SINGLE (Line Drive, 5D, EV 96.3 MPH)
Batting: RHB Chad Larson 0-0: Called Strike
0-1: Ball
1-1: Foul Ball, location: 3FF
1-2: SINGLE (Groundball, 4MD, EV 94.4 MPH)
Tomoshi Matsuo to second
Batting: SHB Jim Hall 0-0: Ball
1-0: Ball
2-0: Fly out, F8 (Flyball, 8LD, EV 95.6 MPH)
Pitching: RHP Nick Bruhl
Batting: RHB Jesus Mendoza 0-0: Called Strike
0-1: Ball
1-1: Called Strike
1-2: SINGLE (Line Drive, 7S, EV 110.6 MPH)
Tomoshi Matsuo to third
Chad Larson to second
Pinch Hitting: LHB Matt Henley 0-0: Fly out, F7 (Flyball, 78D, EV 100.6 MPH)
Runner from 3rd tags up, SCORES, throw by LF
Chad Larson to third
Batting: LHB Nick Penix 0-0: Foul Ball, location: 25FF
0-1: Fly out, F8 (Flyball, 8LS, EV 83.1 MPH)
Bottom of the 8th over - 1 run, 3 hits, 0 errors, 2 left on base; Rochester 10 - Toledo 4
TOP OF THE 9TH
Rochester Red Wings batting - Pitching for Toledo Mud Hens : LHP Kevin Swanson
Now in CF: Mike Mendoza
Now in RF: Matt Henley
Batting: SHB Emanuel Sanchez 0-0: Called Strike
0-1: Swinging Strike
0-2: Strikes out swinging
Batting: RHB Dan Canseco 0-0: Called Strike
0-1: Called Strike
0-2: Ball
1-2: Ball
2-2: Ball
3-2: Base on Balls
Batting: RHB Brian Taylor 0-0: Ball
1-0: Ball
2-0: Called Strike
2-1: Ball
3-1: DOUBLE (Line Drive, 7LS, EV 103.8 MPH)
Dan Canseco to third
Runner from 3rd tries for Home, SAFE, no throw by LF
Batting: RHB Gene Homann 0-0: Foul Ball, location: 23FF
0-1: Ball
1-1: Ball
2-1: Ball
Brian Taylor steals 3rd base
3-1: Base on Balls
Batting: RHB Pablo Luna 0-0: Called Strike
0-1: Foul Ball, location: 7LMFF
0-2: Ball
1-2: Foul Ball, location: 3SF
1-2: Foul Ball, location: 9LSF
1-2: Foul Ball, location: 9LSF
1-2: Fielders Choice at 2nd, 6-4 (Groundball, 6, EV 106.3 MPH)
Brian Taylor scores
Batting: SHB Jimmy Dressler 0-0: Ball
1-0: Foul Ball, location: 2F
1-1: Swinging Strike
1-2: SINGLE (Line Drive, 3D, EV 103.8 MPH)
Pablo Luna to second
Batting: RHB Shane Cook 0-0: Ball
1-0: Ground out 5-3 (Groundball, 56, EV 95.6 MPH)
Top of the 9th over - 2 runs, 2 hits, 0 errors, 2 left on base; Rochester 12 - Toledo 4
BOTTOM OF THE 9TH
Toledo Mud Hens batting - Pitching for Rochester Red Wings : RHP Nick Bruhl
Batting: LHB Tyler Chapman 0-0: Ball
1-0: Ground out U3 (Groundball, 3, EV 88.1 MPH)
Batting: LHB Mike Mendoza 0-0: Ball
1-0: Ball
2-0: Called Strike
2-1: Ball
3-1: Foul Ball, location: 3F
3-2: Base on Balls
Batting: LHB Jahiem Parker 0-0: Ball
1-0: Swinging Strike
1-1: Swinging Strike
1-2: Foul Ball, location: 25F
1-2: Foul Ball, location: 2F
1-2: Ball
Wild Pitch!
Mike Mendoza to second
2-2: Ball
3-2: Foul Ball, location: 3FF
3-2: Base on Balls
Pitching: LHP Nick Long
Batting: RHB Tomoshi Matsuo 0-0: Ball
1-0: Foul Ball, location: 5DF
1-1: Ball
2-1: Grounds into double play, 6-4-3 (Groundball, 6, EV 105.6 MPH)
Bottom of the 9th over - 0 runs, 0 hits, 0 errors, 1 left on base; Rochester 12 - Toledo 4
Thursday, May 16th , 2024 - OOTP Baseball 24.11 Build 85